 Dungeon Crawl Stone Soup version 0.22-a0-247-gbddf880 (webtiles) character file.

0 Amnesiac the Charlatan (level 1, -7/9 HPs)
             Began as a Spriggan Artificer on Feb 26, 2018.
             Mangled by an orc
             ... wielding a +0 flail
              (8 damage)
             ... on level 3 of the Dungeon.
             The game lasted 00:02:19 (458 turns).

Amnesiac the Charlatan (Spriggan Artificer)          Turns: 458, Time: 00:02:19

Health: -7/9       AC:  2    Str:  8    XL:     1   Next: 0%
Magic:  4/4        EV: 18    Int: 12    God:
Gold:   43         SH:  0    Dex: 16    Spells: 0/0 levels left

rFire    . . .     SeeInvis +   g - -3 dagger (curse)
rCold    . . .     Gourm    .   (shield restricted)
rNeg     . . .     Faith    .   b - +0 robe
rPois    .         Spirit   .   (helmet restricted)
rElec    .         Reflect  .   (no cloak)
rCorr    .         Harm     .   (gloves unavailable)
MR       .....                  (boots unavailable)
Stlth    ++........             (no amulet)
HPRegen  0.03/turn              i - ring of wizardry
MPRegen  0.09/turn              (no ring)

@: very quick
A: very small, unfitting armour, see invisible, herbivore, speed 3, slow
metabolism 2
a: no special abilities


You were on level 3 of the Dungeon.
You were not hungry.

You visited 1 branch of the dungeon, and saw 4 of its levels.

You collected 43 gold pieces.

Inventory:

Hand Weapons
 a - a +0 short sword
 g - a cursed -3 dagger (weapon)
 n - a +0 hunting sling
Missiles
 h - a stone (quivered)
Armour
 b - a +0 robe (worn)
Jewellery
 i - a ring of wizardry (left hand)
Wands
 c - a wand of flame (15)
 d - a wand of enslavement (14)
 e - a wand of random effects (15)
Potions
 l - a potion of flight {!q}
Comestibles
 f - 2 rations


   Skills:
 - Level 0.7 Fighting
 - Level 1.1 Short Blades
 - Level 3.0 Dodging
 - Level 1.5 Stealth
 + Level 4.0 Evocations


You couldn't memorise any spells.
You didn't know any spells.

Dungeon Overview and Level Annotations

Branches:
Dungeon (4/15)
 Temple: D:4-7

Altars:
Dithmenos
Makhleb
Nemelex Xobeh
Sif Muna
Zin


Innate Abilities, Weirdness & Mutations

You are very small and have problems with some larger weapons.
You are too small for most types of armour.
You have supernaturally acute eyesight. (SInv)
You are a herbivore.
You cover ground extremely quickly.
You need consume almost no food.


Message History

Found a deep blue altar of Sif Muna and a burning altar of Makhleb.
There is an open door here.
You close the door.
Evoke which item? (* to show all) (? for menu, Esc to quit)
Aiming: Enslavement
Press: ? - help, Shift-Dir - straight line, f - adder
Aim: an adder (chance to defeat MR: 67%)
The adder is charmed.
You swap places.
What are your orders? t - Shout!
Orders for allies: a - Attack new target. p - Attack previous target. r - Retreat! s - Stop attacking. g - Guard the area. f - Follow me.
Anything else - Cancel.
Guard this area!
You now have 43 gold pieces (gained 10).
There are no items here.
Found a hunting sling.
Found a scroll labeled VUXAAHI HACAI.
m - a scroll labeled VUXAAHI HACAI {!r}
There are no items here.
You see here a hunting sling.
n - a hunting sling Really read
j - a scroll labeled CEFOULUNUE {!r}?
As you read the scroll labeled CEFOULUNUE {!r}, it crumbles to dust.
It is a scroll of identify.
l - a potion of flight {!q} Really read
k - a scroll labeled DUADUM ZAOFINK {!r}?
As you read the scroll labeled DUADUM ZAOFINK {!r}, it crumbles to dust.
You assume a fearsome visage.
Nothing appears to happen.
It was a scroll of fear {!r}.
Really read
m - a scroll labeled VUXAAHI HACAI {!r}?
As you read the scroll labeled VUXAAHI HACAI {!r}, it crumbles to dust.
It is a scroll of amnesia.
You feel forgetful for a moment.
Your library has no spells.
A bullfrog skeleton comes into view.
Found a glowing silver altar of Zin.
There is a glowing silver altar of Zin here.
The bullfrog skeleton completely misses you.
The bullfrog skeleton completely misses you.
Found a stone staircase leading up.
A frilled lizard comes into view.
The frilled lizard moves out of view.
The frilled lizard hisses angrily.
There is a stone staircase leading up here.
You climb upwards.
The leopard gecko hisses angrily.
The orc wizard shouts!
A quokka, 3 orcs and an orc wizard come into view.
An orc is wielding a dagger of venom.
The orc shouts!
The orc wizard shouts!
The orc shouts!
The orc closely misses you. The orc wizard casts a spell at you.
The magic dart hits you!
Ouch! That really hurt!
* * * LOW HITPOINT WARNING * * *
Found a ration.
Found an escape hatch in the floor.
There is a stone staircase leading down here.
The orc wizard hits you with a dagger.
* * * LOW HITPOINT WARNING * * *
The orc wizard completely misses you. The orc hits you with a flail!
Ouch! That really hurt!
You die...

..####### .
.............. #§#
............. .#§§K#
............#
##§#§#§###.........>.#
§§§§§.§..#...l.......###
§#§#.#.#...##...........
+§#.§.#.K.<##...oo......
#..#§#.....##...@oo.....
...........##....o......
...oo......##.%.........
...........##......r....
...o.......##...........
...>.......##########+##
...........#
...........#
...##......#


You could see 2 orc wizards, 3 orcs, a leopard gecko and a quokka.

Vanquished Creatures (others)
  An adder (D:4)
1 creature vanquished.

Notes
Turn   | Place    | Note
-------+----------+-------------------------------------------
     0 | D:1      | Amnesiac the Spriggan Artificer began the quest for the Orb.
     0 | D:1      | Reached XP level 1. HP: 9/9 MP: 4/4
   225 | D:1      | Found a sparkling altar of Nemelex Xobeh.
   260 | D:3      | Found a shadowy altar of Dithmenos.
   332 | D:4      | Found a deep blue altar of Sif Muna.
   332 | D:4      | Found a burning altar of Makhleb.
   387 | D:4      | Found a glowing silver altar of Zin.
   457 | D:3      | Noticed an orc wizard
   457 | D:3      | Noticed an orc wizard
   458 | D:3      | Mangled by an orc

Vault maps used:
D:1:      dpeg_arrival_morbid_curiosity, nemelex_xobeh_ov_fountains_minmay
D:2:      okawaru_gym_becter, first_ration, minmay_three_crescents
D:3:      grunt_dithmenos_smoke_and_mirrors, uniq_terence
D:4:      marbit_many_paths, gammafunk_temple_overflow_elements, minivault_19

Action                   || total
-------------------------++-------
Evoke: Wand              ||     1
  Use: Scroll            ||     3
Armor: Robe              ||     2
Dodge: Dodged            ||    22

Table legend:
 A = Spawn XP
 B = Non-spawn XP
 C = Spawn XP percentage of total XP
 D = Spawn monster count
 E = Non-spawn monster count
 F = Spawn count percentage of total count
 G = Total turns spent on level
                    A         B        C        D         E        F      G
               +---------+---------+-------+---------+---------+-------+---------
         Total |       0 |       0 |   N/A |       0 |       0 |   N/A |   458
               +---------+---------+-------+---------+---------+-------+---------
               +---------+---------+-------+---------+---------+-------+---------
